 Dungeon Crawl Stone Soup version 0.28-a0-1212-gc6b4282bc0 (webtiles) character file.

Game seed: 11168479669921671948

89 ChaosChampion the Magician (level 4, -2/24 HPs)
             Began as a Deep Elf Conjurer on Dec 21, 2021.
             Slain by an orc priest (6 damage)
             ... on level 4 of the Dungeon.
             The game lasted 00:01:56 (2957 turns).

ChaosChampion the Magician (Deep Elf Conjurer)      Turns: 2957, Time: 00:01:57

Health: -2/24      AC:  2    Str:  4    XL:     4   Next: 31%
Magic:  8/13       EV: 12    Int: 25    God:
Gold:   117        SH:  0    Dex: 13    Spells: 2/13 levels left

rFire   . . .      SeeInvis .   (no weapon)
rCold   . . .      Faith    .   (no shield)
rNeg    . . .      Spirit   .   a - +0 robe
rPois   .          Reflect  .   (no helmet)
rElec   .          Harm     .   (no cloak)
rCorr   .          Rampage  .   (no gloves)
Will    .....                   (no boots)
Stlth   ++........              (no amulet)
HPRegen 0.08/turn               (no ring)
MPRegen 0.13/turn               (no ring)

@: no status effects
A: no striking features
a: no special abilities


You were on level 4 of the Dungeon.
You visited 1 branch of the dungeon, and saw 4 of its levels.

You collected 117 gold pieces.

Inventory:

Armour
 a - a +0 robe (worn)
Scrolls
 b - 4 scrolls of identify {unknown}
 c - a scroll of silence {unknown}
 e - a scroll of torment {unknown}
 g - 3 scrolls of immolation {unknown}
 k - a scroll of holy word {unknown}
 m - a scroll of teleportation {unknown}
Potions
 d - a potion of heal wounds {unknown}
 f - a potion of attraction {unknown}
 h - a potion of invisibility {unknown}
 i - a potion of resistance {unknown}
 j - 3 potions of curing {unknown}
 l - a potion of lignification {unknown}


   Skills:
 - Level 2.4 Dodging
 - Level 2.4 Stealth
 + Level 5.3 Spellcasting
 + Level 5.1 Conjurations
 + Level 0.6 Hexes
 + Level 0.4 Translocations


You had 2 spell levels left.
You knew the following spells:

 Your Spells              Type           Power      Damage    Failure   Level
a - Magic Dart            Conj           100%       1d8       1%          1
b - Searing Ray           Conj           64%        2d6       1%          2
c - Fulminant Prism       Conj/Hex       10%        3d9       24%         4
d - Iskenderun's Mystic   Conj/Tloc      20%        2d6       26%         4

Your spell library contained the following spells:

 Spells                   Type           Power      Damage    Failure   Level
 Dazzling Flash           Conj/Hex       40%        N/A       8%          3


Dungeon Overview and Level Annotations

Branches:
Dungeon (4/15)
 Temple: D:4-7

Altars:

Annotations:
D:3 2 transporters, Stonecrops's ghost, amateur FoFi


Message History

The magic dart hits the orc priest.
The orc priest is moderately wounded.
There are monsters nearby!
Casting: Magic Dart (safe; 1% risk of failure)
Confirm with . or Enter, or press ? or * to list all spells.
Aiming: Magic Dart (safe; 1% risk of failure)
Press: ? - help, Shift-Dir - straight line, f/p - orc priest
Aim: an orc priest, wielding a +6 war axe and wearing a +0 leather armour (moderately wounded, 100% to hit)
The magic dart hits the orc priest but does no damage.
The orc priest is moderately wounded.
There are monsters nearby!
Casting: Magic Dart (safe; 1% risk of failure)
Confirm with . or Enter, or press ? or * to list all spells.
Aiming: Magic Dart (safe; 1% risk of failure)
Press: ? - help, Shift-Dir - straight line, f/p - orc priest
Aim: an orc priest, wielding a +6 war axe and wearing a +0 leather armour (moderately wounded, 100% to hit)
The magic dart hits the orc priest but does no damage.
The orc priest is moderately wounded.
The orc priest hits you with a +6 war axe!
There are monsters nearby!
Casting: Magic Dart (safe; 1% risk of failure)
Confirm with . or Enter, or press ? or * to list all spells.
Aiming: Magic Dart (safe; 1% risk of failure)
Press: ? - help, Shift-Dir - straight line, f/p - orc priest
Aim: an orc priest, wielding a +6 war axe and wearing a +0 leather armour (moderately wounded, 100% to hit)
The magic dart hits the orc priest.
The orc priest is heavily wounded.
The orc priest hits you with a +6 war axe!
Ouch! That really hurt!
* * * LOW HITPOINT WARNING * * *
There are monsters nearby!
Casting: Magic Dart (safe; 1% risk of failure)
Confirm with . or Enter, or press ? or * to list all spells.
Aiming: Magic Dart (safe; 1% risk of failure)
Press: ? - help, Shift-Dir - straight line, f/p - orc priest
Aim: an orc priest, wielding a +6 war axe and wearing a +0 leather armour (heavily wounded, 100% to hit)
The magic dart hits the orc priest.
The orc priest is heavily wounded.
The orc priest hits you with a +6 war axe.
You die...

#. . #. ..
#.. ...
##).#### ....
#....#..
.....
##...##..>...
#.o.o@.?#
#..o##<..## #
#####


You could see an orc priest and 2 orcs.

Vanquished Creatures
  2 adders
  2 worms
  A dart slug (D:1)
  2 orcs
  8 endoplasms
  4 giant cockroaches
  8 goblins
  2 hobgoblins
  5 kobolds
  A quokka (D:2)
  3 ball pythons
  9 bats
  4 frilled lizards
  7 rats
58 creatures vanquished.

Notes
Turn   | Place    | Note
-------+----------+-------------------------------------------
     0 | D:1      | ChaosChampion the Deep Elf Conjurer began the quest for the
                  | Orb.
     0 | D:1      | Reached XP level 1. HP: 10/10 MP: 6/6
   200 | D:1      | Reached XP level 2. HP: 15/15 MP: 6/8
   752 | D:1      | Reached XP level 3. HP: 19/19 MP: 4/10
  1774 | D:2      | Reached skill level 5 in Spellcasting
  2249 | D:3      | Reached skill level 5 in Conjurations
  2415 | D:3      | Reached XP level 4. HP: 24/24 MP: 10/13
  2453 | D:3      | Learned a level 4 spell: Fulminant Prism
  2458 | D:3      | Learned a level 4 spell: Iskenderun's Mystic Blast
  2461 | D:3      | Learned a level 2 spell: Searing Ray
  2580 | D:3      | Found a faded altar of an unknown god.
  2717 | D:3      | Found a transporter.
  2719 | D:3      | Found a transporter.
  2719 | D:3      | Noticed Stonecrops's ghost (amateur FoFi)
  2726 | D:3      | Noticed an ogre
  2957 | D:4      | Slain by an orc priest

Illustrated notes

Levels and vault maps discovered:
D:1:      grunt_arrival_crossed_arrows, layout_loops_ring
D:2:      layout_basic
D:3:      layout_rooms, hellmonk_ecumenical_altar_inner_sanctum,
          gammafunk_ghost_arena
D:4:      layout_rooms, trog_book, okawaru_altar_gauntlet_db,
          minmay_fountain_box, nicolae_grassy_gnolls, uniq_menkaure,
          uniq_eustachio, uniq_ijyb

Skill      XL: |  1  2  3 |
---------------+----------+-----
Spellcasting   | 4 5 |  5.3
Conjurations   | 5 |  5.1
Dodging        | |  2.4
Stealth        | |  2.4
Hexes          | |  0.6
Translocations | |  0.4

Action                   |  1- 3 |  4- 6 || total
-------------------------+-------+-------++-------
 Cast: Magic Dart        |    95 |    27 ||   122
Armor: Robe              |     1 |       ||     1
Dodge: Dodged            |       |     2 ||     2

Table legend: (Time is in decaauts)
 A = Elapsed time spent in this place.
 B = Non-inter-level travel time spent in this place.
 C = Inter-level travel time spent in this place.
 D = Time resting spent in this place.
 E = Time spent auto-exploring this place.
 F = Levels seen in this place.
 G = Mean time per level.
                   A        B        C        D        E       F      G
               +--------+--------+--------+--------+--------+-----+--------+
         Total |   2956 |   2852 |    104 |      0 |   2610 |   4 |  739.0 |
       Dungeon |   2956 |   2852 |    104 |      0 |   2610 |   4 |  739.0 |
               +--------+--------+--------+--------+--------+-----+--------+

Top non-repeatable levels by time:
     D:1: 1251 daAuts
     D:2: 959 daAuts
     D:3: 732 daAuts
     D:4: 12 daAuts
